 Dungeon Crawl Stone Soup version 0.30-a0-1112-gfb780f5df6 (webtiles) character file.

Game seed: 7878181028604900981

60302 ders the Devastator (level 14, -16/82 HPs)
             Began as a Gargoyle Earth Elementalist on Apr 19, 2023.
             Was a High Priest of Vehumet.
             Killed from afar by Jorgrun (35 damage)
             ... with an iron shot
             ... on level 1 of the Orcish Mines on Apr 20, 2023.
             The game lasted 00:46:56 (22078 turns).

ders the Devastator (Gargoyle Earth Elementalist)  Turns: 22078, Time: 00:46:57

Health: -16/82     AC: 21    Str: 13    XL:     14   Next: 98%
Magic:  23/30      EV: 14    Int: 31    God:    Vehumet [*****.]
Gold:   1236       SH:  2    Dex: 10    Spells: 1/37 levels left

rFire   . . .      SeeInvis .    U - staff of cold "Paumeg" {rC+ Int+5}
rCold   + . .      Faith    .    (no shield)
rNeg    + . .      Spirit   .    a - +0 robe
rPois   ∞          Reflect  .    D - +2 helmet
rElec   +          Rampage  .    q - +0 cloak
rCorr   +                        (no gloves)
Will    +....                    F - +0 pair of boots
Stlth   +++                      L - amulet of magic regeneration
HPRegen 0.33/turn                k - +6 ring of intelligence
MPRegen 0.62/turn                Q - ring of the Octopus King {rCorr HP+2 AC+2 EV+2 SH+2}

@: flying
A: sickness immunity, AC +10, big wings, negative energy resistance 1,
electricity resistance, torment resistance 1, petrification resistance
a: Renounce Religion


You were on level 1 of the Orcish Mines.
You worshipped Vehumet.
Vehumet was extremely pleased with you.
You visited 4 branches of the dungeon, and saw 18 of its levels.

You collected 1600 gold pieces.
You spent 364 gold pieces at shops.

Inventory:

Hand Weapons
 d - a +0 dagger
 p - a +4 quarterstaff of chaos
Missiles
 A - a throwing net
Armour
 a - a +0 robe (worn)
 q - a +0 cloak (worn)
 D - a +2 helmet (worn)
 F - a +0 pair of boots (worn)
Magical Staves
 r - a staff of conjuration
 T - a staff of earth
 U - the staff of cold "Paumeg" (weapon) {rC+ Int+5}
   (You found it on level 5 of the Lair of Beasts)

   [staff of cold]

   Base accuracy: +5 Base damage: 5 Base attack delay: 1.2 This weapon's minimum
   attack delay (0.6) is reached at skill level 12.
   Int:       It affects your intelligence (+5).
   rC:        It protects you from cold.
   It falls into the 'Staves' category.
   It is a one-handed weapon.
Jewellery
 h - an amulet of guardian spirit
 k - a +6 ring of intelligence (left hand)
 C - a +5 ring of evasion
 I - a ring of positive energy
 L - an amulet of magic regeneration (around neck)
 Q - a ring of the Octopus King (right hand) {rCorr HP+2 AC+2 EV+2 SH+2}
   (You found it on level 5 of the Lair of Beasts)

   [ring of resist corrosion]

   AC:        It affects your AC (+2).
   EV:        It affects your evasion (+2).
   HP:        It affects your health (+2).
   rCorr:     It protects you from acid and corrosion.
   SH:        It affects your SH (+2).
 S - a ring of protection from cold
Wands
 n - a wand of polymorph (16)
 o - a wand of acid (18)
 x - a wand of mindburst (21)
 y - a wand of roots (16)
 E - a wand of flame (27)
 P - a wand of paralysis (2)
Scrolls
 b - 2 scrolls of poison
 f - 2 scrolls of vulnerability
 g - 2 scrolls of blinking
 i - a scroll of fear
 l - 8 scrolls of teleportation
 B - 4 scrolls of enchant weapon
 H - 2 scrolls of magic mapping
 J - 2 scrolls of fog
 K - a scroll of enchant armour
 N - 3 scrolls of identify
 R - a scroll of amnesia
Potions
 c - 2 potions of attraction
 e - 6 potions of cancellation
 j - 2 potions of heal wounds
 m - 3 potions of might
 s - 3 potions of brilliance
 t - 2 potions of invisibility
 u - 2 potions of flight
 v - 5 potions of mutation
 w - 3 potions of curing
 z - 3 potions of degeneration
 G - 2 potions of berserk rage
 M - 2 potions of magic
 O - 3 potions of ambrosia


   Skills:
 + Level 6.9 Fighting
 * Level 8.2 Armour
 - Level 2.1 Dodging
 - Level 6.9 Stealth
 * Level 12.3 Spellcasting
 + Level 16.0 Conjurations
 + Level 4.9 Summonings
 - Level 1.6 Transmutations
 + Level 14.0 Earth Magic


You had one spell level left.
You knew the following spells:

 Your Spells              Type           Power      Damage    Failure   Level
a - Stone Arrow           Conj/Erth      100%       3d13      0%          3
b - Fireball              Conj/Fire      31%        3d13      1%          5
c - Iskenderun's Mystic   Conj/Tloc      62%        2d13      1%          4
d - Swiftness             Air            19%        N/A       8%          3
e - Passwall              Tmut/Erth      50%        N/A       1%          2
f - Iron Shot             Conj/Erth      42%        9d8       1%          6
g - Sandblast             Erth           100%       2d20      0%          1
h - Orb of Destruction    Conj           43%        9d12      1%          7
i - Lee's Rapid Deconstr  Erth           41%        3d20*     1%          5

Your spell library contained the following spells:

 Spells                   Type           Power      Damage    Failure   Level
 Freeze                   Ice            100%       1d10      1%          1
 Sting                    Tmut/Pois      96%        1d7       1%          1
 Poisonous Vapours        Pois/Air       38%        N/A       1%          2
 Scorch                   Fire           38%        2d6       1%          2
 Static Discharge         Conj/Air       100%       2-7/arc   1%          2
 Dazzling Flash           Conj/Hex       100%       N/A       1%          3
 Hailstorm                Conj/Ice       80%        3d16      1%          3
 Animate Armour           Summ/Erth      100%       N/A       1%          4
 Fulminant Prism          Conj/Hex       31%        3d15      1%          4
 Petrify                  Tmut/Erth      61%        N/A       1%          4
 Iskenderun's Battlesphe  Conj           87%        2d13      1%          5
 Frozen Ramparts          Ice            56%        1d9       2%          3
 Volatile Blastmotes      Fire/Tloc      38%        2d13      2%          3
 Ensorcelled Hibernation  Hex/Ice        56%        N/A       3%          2
 Lesser Beckoning         Tloc           38%        N/A       3%          2
 Conjure Ball Lightning   Conj/Air       31%        3x3d10    4%          6
 Starburst                Conj/Fire      31%        6d9       4%          6
 Airstrike                Air            9%         2d(2-18)  7%          4
 Olgreb's Toxic Radiance  Pois           19%        N/A       7%          4
 Gell's Gravitas          Tloc           19%        N/A       8%          3
 Teleport Other           Tloc           19%        N/A       8%          3
 Tukima's Dance           Hex            19%        N/A       8%          3
 Summon Ice Beast         Ice/Summ       51%        N/A       10%         4
 Summon Lightning Spire   Summ/Air       34%        N/A       10%         4
 Lehudib's Crystal Spear  Conj/Erth      42%        10d10     10%         8
 Passage of Golubria      Tloc           19%        N/A       26%         4
 Summon Mana Viper        Hex/Summ       34%        N/A       26%         5
 Blade Hands              Tmut           14%        N/A       36%         5
 Silence                  Hex/Air        9%         N/A       56%         5
 Monstrous Menagerie      Summ           24%        N/A       96%         7
 Maxwell's Capacitive Co  Air            9%         ∞         100%        8


Dungeon Overview and Level Annotations

Branches:
Dungeon (10/15)            Temple (1/1) D:5            Lair (5/5) D:9
 Shoals (0/4) Lair:2        Snake (0/4) Lair:3        Slime (0/5) Lair:4
    Orc (2/2) D:9             Elf (0/3) Orc:2

Altars:
Ashenzari
Cheibriados
Fedhas
Gozag
Hepliaklqana
Kikubaaqudgha
Makhleb
Nemelex Xobeh
Okawaru
Qazlal
Sif Muna
Trog
Vehumet
Xom
Yredelemnul
Zin
The Shining One
Jiyva

Shops:
D:7 [*   Orc:2 (::(=

Annotations:
D:4 2 transporters
D:10 Lodul
Orc:1 Jorgrun


Innate Abilities, Weirdness & Mutations

You are immune to sickness and miasma.
Your stone body is resilient. (AC +10)
You are immune to poison.
Your large and strong wings let you fly.
You resist negative energy. (rN+)
You are resistant to electric shocks. (rElec)
You are resistant to unholy torment.
You are immune to petrification.


Message History

Jorgrun is lightly wounded.
Jorgrun is knocked back by the mystic blast.
Jorgrun slams into the rock wall!
Jorgrun is lightly wounded.
The mystic blast hits the orc priest!
The orc priest is almost dead.
The orc priest is knocked back by the mystic blast.
The mystic blast hits the orc!
You kill the orc!
Vehumet accepts your kill.
You feel your power returning.
The mystic blast hits the orc wizard!
The orc wizard is heavily wounded.
The orc wizard is knocked back by the mystic blast.
The mystic blast hits the orc!!
You kill the orc!
Vehumet accepts your kill.
You feel your power returning.
The orc warrior shouts!
You hear a shout!
The orc wizard points at you and mumbles some strange words.
The puff of flame hits you.
An orc comes into view. It is wielding a +0 war axe.
Casting: Iskenderun's Mystic Blast (safe; 1% risk of failure)
Confirm with . or Enter, or press ? or * to list all spells.
Aiming: Orb of Destruction (dangerous; 1% risk of failure)
Press: ? - help, Shift-Dir - straight line, f - Jorgrun
Aim: Jorgrun, wielding a staff of earth and wearing a +0 robe of willpower (lightly wounded) Jorgrun points at you and mumbles some strange words.
The iron shot hits you!!!
Ouch! That really hurt!
* * * LOW HITPOINT WARNING * * *
The orb of destruction hits Jorgrun!!!
Jorgrun is severely wounded.
Casting: Orb of Destruction (dangerous; 1% risk of failure)
Confirm with . or Enter, or press ? or * to list all spells.
Okay, then.
The orc priest calls upon Beogh to heal the orc wizard.
The orc wizard is healed somewhat.
Jorgrun casts a spell at you. The iron shot hits you!!
You die...

........
#.oo.#.# #
##.#....##
#.#....o...
..o.$.o...#
.......)..##
...........#
._.....@..#
...$.#$)°..#
... .o...g##
. .......o#
.......oo.#
.....#.#.$.
....... #.##
.....#. ##


You could see Jorgrun, 3 orc warriors, 2 orc priests, 2 orc wizards and 2 orcs.

Vanquished Creatures
  Rupert (Lair:4)
  Gastronok (D:8)
  An orc warlord (Orc:1)
  4 hydras
  A catoblepas (Lair:5)
  A merfolk avatar (Lair:5)
  A boulder beetle (D:9)
  3 two-headed ogres
  4 orc high priests (Orc:2)
  4 skysharks
  A sea snake (Lair:5)
  3 oklob plants (Lair:3)
  5 orc knights
  4 orc sorcerers (Orc:2)
  2 manticores (Lair:5)
  2 black mambas (Lair:5)
  17 elephants
  16 cane toads
  4 rime drakes
  A kobold demonologist (D:9)
  12 komodo dragons
  A queen bee (Lair:1)
  2 burning bushes (Lair:5)
  5 polar bears
  A wind drake (Lair:5)
  4 trolls
  A snapping turtle (Lair:5)
  A hornet (Lair:5)
  11 blink frogs
  11 dream sheep (Lair:4)
  3 slime creatures (Lair:4)
  Sigmund (D:6)
  30 yaks
  A spriggan (D:9)
  6 wyverns
  3 basilisks
  2 steam dragons
  A warg (Orc:1)
  Edmund (D:5)
  2 nagas (Lair:3)
  18 water moccasins
  An ice beast (D:6)
  26 orc warriors
  2 black bears
  12 wolves
  12 ogres
  5 centaurs
  3 kobold brigands
  9 bullfrogs
  2 scorpions (D:5)
  41 killer bees
  A vampire bat (D:6)
  4 howler monkeys
  10 orc priests
  3 hounds
  3 jellies
  Crazy Yiuf (D:3)
  2 gnoll boudas
  6 sleepcaps
  7 iguanas
  Natasha (D:3)
  16 orc wizards
  7 gnolls
  9 adders
  2 white imps (D:6)
  6 ufetubi
  3 worms
  3 dart slugs (D:1)
  53 orcs
  3 ball pythons
  12 bats
  A bat skeleton (D:6)
  4 bat zombies (D:6)
  6 endoplasms
  2 giant cockroaches
  10 goblins
  10 hobgoblins
  18 kobolds
  A quokka (D:2)
  3 frilled lizards
  5 rats
  5 bushes
523 creatures vanquished.

Vanquished Creatures (others)
  2 orcs (Orc:2)
  2 bushes (Lair:3)
  30 fungi
  80 plants
114 creatures vanquished.

Grand Total: 637 creatures vanquished

Notes
Turn   | Place    | Note
-------+----------+-------------------------------------------
     0 | D:1      | ders the Gargoyle Earth Elementalist began the quest for
                  | the Orb.
     0 | D:1      | Reached XP level 1. HP: 10/10 MP: 3/3
   173 | D:1      | Reached skill level 1 in Transmutations
   173 | D:1      | Reached XP level 2. HP: 15/15 MP: 3/5
   267 | D:1      | Found a faded altar of an unknown god.
   395 | D:1      | Reached XP level 3. HP: 19/19 MP: 1/6
   653 | D:2      | You fall into a shaft and drop 2 floors!
   668 | D:4      | Reached XP level 4. HP: 17/24 MP: 3/7
   841 | D:4      | Learned a level 3 spell: Stone Arrow
  1099 | D:3      | Reached skill level 1 in Conjurations
  1103 | D:3      | Reached XP level 5. HP: 28/28 MP: 3/9
  1458 | D:3      | Reached skill level 2 in Conjurations
  1503 | D:3      | Got the Textbook on Gusts
  1912 | D:3      | Noticed Natasha
  1914 | D:3      | Killed Natasha
  1915 | D:3      | Reached XP level 6. HP: 32/32 MP: 8/10
  2071 | D:3      | Found a runed translucent door.
  2072 | D:3      | Noticed Crazy Yiuf
  2219 | D:3      | Killed Crazy Yiuf
  2291 | D:2      | Reached skill level 3 in Conjurations
  2499 | D:2      | Reached skill level 5 in Earth Magic
  3015 | D:2      | Found a burning altar of Makhleb.
  3262 | D:4      | Found a transporter.
  3336 | D:4      | Found a transporter.
  3365 | D:4      | Identified the staff of conjuration "Qocrem" {rElec rPois}
  3494 | D:4      | Reached skill level 4 in Conjurations
  3842 | D:5      | Entered Level 5 of the Dungeon
  3847 | D:4      | Reached XP level 7. HP: 36/36 MP: 5/12
  4146 | D:5      | Reached skill level 5 in Conjurations
  4319 | D:5      | Found a staircase to the Ecumenical Temple.
  4421 | Temple   | Entered the Ecumenical Temple
  4430 | Temple   | Became a worshipper of Vehumet
  4442 | D:5      | Reached XP level 8. HP: 38/41 MP: 4/14
  4787 | D:5      | Reached skill level 6 in Conjurations
  4852 | D:5      | Noticed Edmund
  4862 | D:5      | Killed Edmund
  5113 | D:6      | Noticed a two-headed ogre
  5118 | D:6      | Killed a two-headed ogre
  5119 | D:6      | Reached skill level 5 in Spellcasting
  5119 | D:6      | Reached skill level 7 in Conjurations
  5119 | D:6      | Reached XP level 9. HP: 43/45 MP: 5/17
  5121 | D:6      | Reached skill level 8 in Conjurations
  5491 | D:6      | Reached * piety under Vehumet
  5491 | D:6      | Offered knowledge of Magic Dart by Vehumet.
  5657 | D:6      | Found a hazy altar of Hepliaklqana.
  5877 | D:6      | Found an ancient bone altar of Kikubaaqudgha.
  5950 | D:6      | Noticed Sigmund
  5952 | D:6      | Killed Sigmund
  5953 | D:6      | Reached skill level 9 in Conjurations
  7025 | D:7      | Identified a scroll of acquirement
  7025 | D:7      | Acquired a staff of conjuration
  7074 | D:7      | Found Bynurut's Armour Shop.
  7341 | D:7      | Reached skill level 10 in Conjurations
  7341 | D:7      | Reached XP level 10. HP: 50/50 MP: 14/19
  7426 | D:7      | Found Nyprues's CLEARANCE SALE!.
  7510 | D:7      | Found a glowing silver altar of Zin.
  7795 | D:8      | Found a blossoming altar of Fedhas.
  8006 | D:8      | Noticed Gastronok
  8023 | D:8      | Killed Gastronok
  8024 | D:8      | Reached skill level 11 in Conjurations
  8383 | D:8      | Found a shimmering altar of Xom.
  8383 | D:8      | Found a sparkling altar of Nemelex Xobeh.
  8391 | D:8      | Found an iron altar of Okawaru.
  8393 | D:8      | Found a burning altar of Makhleb.
  8395 | D:8      | Found a faded altar of an unknown god.
  8642 | D:9      | Noticed a two-headed ogre
  8642 | D:9      | Noticed a kobold demonologist
  8648 | D:9      | Killed a two-headed ogre
  8652 | D:9      | Killed a kobold demonologist
  8831 | D:9      | Reached skill level 10 in Earth Magic
  9038 | D:8      | Learned a level 4 spell: Iskenderun's Mystic Blast
  9042 | D:8      | Learned a level 3 spell: Swiftness
  9071 | D:8      | Learned a level 3 spell: Dazzling Flash
  9554 | D:9      | Reached skill level 12 in Conjurations
  9589 | D:9      | Found a staircase to the Orcish Mines.
  9818 | D:9      | Reached ** piety under Vehumet
  9818 | D:9      | Offered knowledge of Shock by Vehumet.
  9843 | D:9      | Noticed a boulder beetle
  9952 | D:10     | Entered Level 10 of the Dungeon
  9992 | D:10     | Found a stormy altar of Qazlal.
 10030 | D:10     | Reached XP level 11. HP: 54/54 MP: 14/22
 10462 | D:10     | Noticed Lodul
 10637 | D:9      | Killed a boulder beetle
 10846 | D:9      | Reached skill level 13 in Conjurations
 10972 | D:9      | Found a staircase to the Lair.
 11056 | Lair:1   | Entered Level 1 of the Lair of Beasts
 11064 | Lair:1   | Learned a level 6 spell: Iron Shot
 11565 | Lair:1   | Offered knowledge of Ignite Poison by Vehumet.
 11574 | Lair:1   | Reached *** piety under Vehumet
 11974 | Lair:1   | Reached skill level 14 in Conjurations
 12241 | Lair:1   | Offered knowledge of Airstrike by Vehumet.
 12285 | Lair:1   | Reached XP level 12. HP: 59/59 MP: 15/25
 12301 | Lair:1   | Reached skill level 1 in Armour
 12703 | Lair:1   | Reached skill level 1 in Summonings
 13226 | Lair:1   | Learned a level 5 spell: Fireball
 13520 | Lair:2   | Reached skill level 1 in Fighting
 13853 | Lair:2   | Found a staircase to the Shoals.
 13888 | Lair:2   | Reached **** piety under Vehumet
 14800 | Lair:3   | Offered knowledge of Irradiate by Vehumet.
 14842 | Lair:3   | Reached skill level 5 in Stealth
 15223 | Lair:3   | Reached skill level 10 in Spellcasting
 15404 | Lair:3   | Found a staircase to the Snake Pit.
 15409 | Lair:3   | Reached XP level 13. HP: 68/68 MP: 15/27
 15985 | Lair:4   | Reached skill level 15 in Conjurations
 16175 | Lair:4   | Reached ***** piety under Vehumet
 16177 | Lair:4   | Offered knowledge of Eringya's Noxious Bog by Vehumet.
 16203 | Lair:4   | Learned a level 7 spell: Orb of Destruction
 16207 | Lair:4   | Learned a level 2 spell: Passwall
 16364 | Lair:4   | Noticed Rupert
 16366 | Lair:4   | Paralysed by Rupert for 2 turns
 16369 | Lair:4   | Killed Rupert
 16705 | Lair:4   | Found a staircase to the Slime Pits.
 16706 | Lair:4   | Found a viscous altar of Jiyva.
 16790 | Lair:4   | Identified the +10 trident "Undertaker" {freeze, rC+ Dex+6}
 17130 | Lair:5   | Entered Level 5 of the Lair of Beasts
 17242 | Lair:5   | Reached skill level 5 in Fighting
 17441 | Lair:5   | Reached skill level 5 in Armour
 17942 | Lair:5   | Gained mutation: Your large and strong wings let you fly.
                  | [Gargoyle growth]
 17942 | Lair:5   | Reached XP level 14. HP: 78/78 MP: 15/29
 18936 | Lair:5   | Found the ring of the Octopus King
 18943 | Lair:5   | Identified the staff of cold "Paumeg" {rC+ Int+5}
 18946 | Lair:5   | Identified a ring of the Octopus King {rCorr HP+2 AC+2 EV+2
                  | SH+2}
 19297 | Lair:5   | Offered knowledge of Sticky Flame by Vehumet.
 19938 | Orc:1    | Entered Level 1 of the Orcish Mines
 20016 | Orc:1    | You are sucked into a shaft and drop 1 floor!
 20016 | Orc:2    | Entered Level 2 of the Orcish Mines
 20026 | Orc:1    | Noticed an orc warlord
 20337 | Orc:2    | Found Etiac's Antique Weapon Boutique.
 20464 | Orc:2    | Found a staircase to the Elven Halls.
 20780 | Orc:2    | Found a burning altar of Makhleb.
 21159 | Orc:2    | Offered knowledge of Lee's Rapid Deconstruction by Vehumet.
 21234 | Orc:2    | Reached skill level 16 in Conjurations
 21475 | Orc:1    | Killed an orc warlord
 21743 | Orc:2    | Found Aryim's Book Shoppe.
 21743 | Orc:2    | Found Ifets's Book Boutique.
 21745 | Orc:2    | Found Nofa's Weapon Shoppe.
 21745 | Orc:2    | Found Dim Qiank's Jewellery Boutique.
 21751 | Orc:2    | Bought the Vellum of the Vexatious Sun for 352 gold pieces
 21762 | Orc:2    | Learned a level 5 spell: Lee's Rapid Deconstruction
 21937 | D:7      | Bought a scroll of amnesia for 12 gold pieces
 22075 | Orc:1    | Noticed Jorgrun
 22075 | Orc:1    | Found a radiant altar of Vehumet.
 22078 | Orc:1    | Killed from afar by Jorgrun

Illustrated notes

Levels and vault maps discovered:
D:1:      scummos_arrival_checkerplants, layout_basic,
          hellmonk_ecumenical_altar_inner_sanctum
D:2:      layout_basic, basic_altar, minivault_11, minmay_pentomino_o4
D:3:      layout_loops_ring, uniq_crazy_yiuf_cottage, uniq_natasha
D:4:      gammafunk_steamed_eel, layout_basic, nrook_mini_vaults
D:5:      layout_rooms, temple_fountains, nrook_uturn, st_stairs_14, uniq_edmund
D:6:      cheibrodos_fzero, layout_layer_cave, nicolae_hepliaklqana_hazy_memory,
          kennysheep_vampire_church, uniq_sigmund
D:7:      layout_basic, overflow_temple_1_default, serial_shops, shop,
          nicolae_shop_clearance
D:8:      layout_cave_pools, fedhas_bush_and_centaur_altar,
          chequers_temple_overflow_minitemple, uniq_gastronok
D:9:      layout_gridville, erik_lair_dragon, david_orc_2, the_hattery
D:10:     layout_roguey, grunt_qazlal_sundering, st_stairs_4, uniq_lodul
Temple:   cyrus_circular_temple
Lair:1:   layout_roguey, serial_forest, infiniplex_forest_corner_1,
          infiniplex_forest_lined_4_way, infiniplex_forest_end_1,
          infiniplex_forest_clump_curved, infiniplex_forest_lined_corner,
          special_room [special_room_bee]
Lair:2:   layout_regular_city, minmay_shoals_entry_centaurs, lemuel_fruit_fields
Lair:3:   layout_cave_pods, guppyfry_snake_entry_island, dpeg_oklob_1,
          grunt_megastairs_4
Lair:4:   layout_cave_pods, minmay_slime_entry_pillars, uniq_rupert
Lair:5:   gammafunk_lair_ancient_temple, layout_cellular_growth,
          fungi_pond_lemuel, evilmike_ambush [evilmike_ambush_outer_corners,
          evilmike_ambush_inner_basic]
Orc:1:    layout_caves, basic_altar, uniq_jorgrun
Orc:2:    grunt_orc_tribal_feast, layout_caves, basic_altar, serial_shops,
          shop_statue, roderic_batcave, david_defended_altar_orc

Skill      XL: |  1  2  3  4  5  6  7  8  9 10 11 12 13 14 |
---------------+-------------------------------------------+-----
Transmutations | 1 |  1.6
Earth Magic    | 4 5 6 7 8 10 11 12 13 14 | 14.0
Dodging        | 2 |  2.1
Stealth        | 3 5 6 |  6.9
Conjurations   | 1 2 4 5 7 10 12 14 15 16 | 16.0
Spellcasting   | 3 4 5 6 7 9 10 11 12 | 12.3
Armour         | 3 5 8 |  8.2
Summonings     | 2 3 4 |  4.9
Fighting       | 3 5 6 |  6.9

Action                     |  1- 3 |  4- 6 |  7- 9 | 10-12 | 13-15 || total
---------------------------+-------+-------+-------+-------+-------++-------
  Melee: Dagger            |    27 |    18 |       |       |       ||    45
         Unarmed           |     8 |       |       |       |       ||     8
         Quarterstaff      |       |       |    13 |       |       ||    13
         Staff             |       |       |       |     8 |    10 ||    18
   Cast: Sandblast         |    33 |    40 |    39 |    86 |     9 ||   207
         Stone Arrow       |       |    33 |    69 |   148 |    50 ||   300
         Iskenderun's Myst |       |       |       |    29 |    65 ||    94
         Iron Shot         |       |       |       |    26 |     4 ||    30
         Swiftness         |       |       |       |     1 |       ||     1
         Dazzling Flash    |       |       |       |     1 |       ||     1
         Fireball          |       |       |       |    31 |   242 ||   273
         Orb of Destructio |       |       |       |       |    23 ||    23
    Use: Potion            |       |     2 |     1 |     4 |       ||     7
         Scroll            |       |     5 |     8 |    10 |    12 ||    35
 Armour: Robe              |    31 |    10 |    17 |   130 |    87 ||   275
         Skin              |       |     9 |     1 |     6 |       ||    16
  Dodge: Dodged            |    34 |    28 |    42 |   275 |   115 ||   494
  Block: Other             |       |       |       |       |     6 ||     6

Table legend: (Time is in decaauts)
 A = Elapsed time spent in this place.
 B = Non-inter-level travel time spent in this place.
 C = Inter-level travel time spent in this place.
 D = Time resting spent in this place.
 E = Time spent auto-exploring this place.
 F = Levels seen in this place.
 G = Mean time per level.
                   A        B        C        D        E       F      G
               +--------+--------+--------+--------+--------+-----+--------+
         Total |  22222 |  20679 |   1543 |   5507 |  12301 |  18 | 1234.6 |
       Dungeon |  11636 |  10931 |    705 |   2301 |   7303 |  10 | 1163.6 |
        Temple |     16 |      3 |     13 |      0 |      0 |   1 |   16.0 |
          Lair |   8634 |   8012 |    622 |   2675 |   4163 |   5 | 1726.8 |
  Orcish Mines |   1933 |   1730 |    203 |    531 |    835 |   2 |  966.5 |
               +--------+--------+--------+--------+--------+-----+--------+

Top non-repeatable levels by time:
  Lair:1: 2400 daAuts
  Lair:4: 2134 daAuts
     D:9: 1864 daAuts
     D:6: 1641 daAuts
  Lair:5: 1598 daAuts
  Lair:3: 1478 daAuts
     D:4: 1312 daAuts
     D:3: 1287 daAuts
     D:7: 1263 daAuts
   Orc:2: 1242 daAuts
     D:8: 1206 daAuts
  Lair:2: 1023 daAuts
     D:5: 996 daAuts
     D:2: 879 daAuts
   Orc:1: 691 daAuts
